 Dungeon Crawl Stone Soup version 0.32-a0-898-g7811c86cf0 (webtiles) character file.

Game seed: 4218144942489706357

4039 BubbleThief the Covert (level 10, -3/63 HPs)
             Began as a Vampire Enchanter on Apr 4, 2024.
             Was a Believer of Dithmenos.
             Killed from afar by a steam dragon (11 damage)
             ... with a ball of steam
             ... on level 7 of the Dungeon.
             The game lasted 00:17:06 (6740 turns).

BubbleThief the Covert (Vampire Enchanter)          Turns: 6740, Time: 00:17:06

Health: -3/63      AC: 12    Str:  9    XL:     10   Next: 4%
Magic:  10/15      EV: 11    Int: 18    God:    Dithmenos [**....]
Gold:   940        SH:  0    Dex: 19    Spells: 3/16 levels left

rFire   . . .        h - +0 dagger (venom)
rCold   + + .        (no shield)
rNeg    + . .        y - +1 leather armour {rC+}
rPois   +            j - +0 helmet
rElec   +            a - +2 cloak "Nyadwoet" {*Slow rElec rC+ rN+}
rCorr   .            E - +0 pair of gloves
SInv    +            I - +2 pair of boots of Xuumyadghon {Str+2}
Will    +....        m - amulet of the acrobat
Stlth   +++++++      b - ring of poison resistance
HPRegen 0.50/turn    (no ring)
MPRegen 0.14/turn

%: slow self (1%), acrobat
@: lethally poisoned (-3 -> -5), healing quickly, wreathed by umbra
A: alive, fangs 3, see invisible, vampiric 2
a: Exsanguinate, Renounce Religion, Shadow Step


You were on level 7 of the Dungeon.
You worshipped Dithmenos.
Dithmenos was pleased with you.
You visited 2 branches of the dungeon, and saw 8 of its levels.
You also visited: Sewer and Bailey.

You collected 940 gold pieces.

Inventory:

Hand Weapons
 h - a +0 dagger of venom (weapon)
 u - a +0 rapier
 B - a +2 dagger of freezing
Missiles
 p - 6 throwing nets (quivered)
Armour
 a - the +2 cloak "Nyadwoet" (worn) {*Slow rElec rC+ rN+}
   (You acquired it on level 7 of the Dungeon)

   rC+:       It protects you from cold.
   rElec:     It insulates you from electricity.
   rN+:       It protects you from negative energy.
   *Slow:     It may slow you when you take damage.
 j - a +0 helmet (worn)
 y - a +1 leather armour of cold resistance (worn)
 E - a +0 pair of gloves (worn)
 I - the +2 pair of boots of Xuumyadghon (worn) {Str+2}
   (You found it in a bailey)

   Str+2:     It affects your strength (+2).
Jewellery
 b - a ring of poison resistance (left hand)
 m - an amulet of the acrobat (around neck)
 G - a ring of resist corrosion
Wands
 C - a wand of mindburst (5)
 F - a wand of light (5)
 H - a wand of flame (9)
Scrolls
 e - 2 scrolls of identify
 n - a scroll of enchant armour
 q - a scroll of poison
 r - a scroll of fog
 s - a scroll of vulnerability
 w - a scroll of silence
 x - a scroll of fear
Potions
 c - 6 potions of invisibility
 d - a potion of heal wounds
 f - 2 potions of cancellation {unknown}
 g - a potion of haste {unknown}
 i - a potion of brilliance {unknown}
 k - 2 potions of curing {unknown}
 l - a potion of berserk rage
 o - 4 potions of mutation {unknown}
 t - 3 potions of lignification {unknown}
 v - 2 potions of resistance {unknown}
 z - a potion of magic {unknown}
 A - 2 potions of might {unknown}
 D - 2 potions of ambrosia {unknown}


   Skills:
 + Level 6.8 Short Blades
 - Level 2.1 Dodging
 * Level 14.3 Stealth
 + Level 3.7 Spellcasting
 * Level 13.2 Hexes


You had 3 spell levels left.
You knew the following spells:

 Your Spells              Type           Power      Damage    Failure   Level
a - Ensorcelled Hibernat  Hex/Ice        54%        N/A       2%          2
b - Confusing Touch       Hex            50%        N/A       1%          3
c - Tukima's Dance        Hex            50%        N/A       1%          3
d - Metabolic Englaciati  Hex/Ice        13%        N/A       36%         5

Your spell library contained the following spells:

 Spells                   Type           Power      Damage    Failure   Level
 Dazzling Flash           Conj/Hex       54%        N/A       4%          3
 Apportation              Tloc           6%         N/A       22%         1
 Freeze                   Ice            12%        1d3       22%         1
 Necrotise                Necr           12%        1d4       22%         1
 Sting                    Conj/Alch      12%        1d3       22%         1
 Summon Small Mammal      Summ           12%        N/A       22%         1
 Frozen Ramparts          Ice            6%         1d1       54%         3
 Hailstorm                Conj/Ice       3%         3d5       54%         3
 Ozocubu's Armour         Ice            3%         N/A       54%         3
 Dimensional Bullseye     Hex/Tloc       13%        N/A       14%         4
 Iskenderun's Mystic Bla Conj/Tloc 3%             2d3        (+2d1     91%         4
 Summon Blazeheart Golem  Fire/Summ      3%         N/A       91%         4
 Starburst                Conj/Fire      1%         6d3       100%        6
 Orb of Destruction       Conj           1%         9d5       100%        7
 Spellforged Servitor     Conj/Summ      1%         N/A       100%        7
 Maxwell's Capacitive Co  Air            1%         ∞         100%        8


Dungeon Overview and Level Annotations

Branches:
Dungeon (7/15)             Temple (1/1) D:4           Sewer (visited)
 Bailey (visited)

Altars:
Ashenzari
Cheibriados
Dithmenos
Fedhas
Gozag
Hepliaklqana
Makhleb
Nemelex Xobeh
Okawaru
Qazlal
Ru
Sif Muna
Trog
Wu Jian
Xom
Yredelemnul

Annotations:
D:7 3 runed translucent doors, NotBatman's ghost, novice MDFi; osoart's ghost, novice BaSu; pokeman's ghost, novice DEHW


Innate Abilities, Weirdness & Mutations

Your natural rate of healing is accelerated.
You have razor-sharp teeth.
You have supernaturally acute eyesight. (SInv)
You are afflicted with vampirism and can become a bat while bloodless.


Message History

You hit the killer bee.
The killer bee looks even sicker.
Your bite misses the killer bee.
The killer bee is heavily wounded.
The killer bee stings you but does no damage.
The killer bee stings you.
* * * LOW HITPOINT WARNING * * *
You are poisoned.
The killer bee poisons you!
You hit the killer bee.
You kill the killer bee!
Dithmenos accepts your kill.
You feel sick.
The killer bee stings you but does no damage.
The killer bee stings you.
* * * LOW HITPOINT WARNING * * *
You closely miss the killer bee.
The killer bee is moderately wounded.
You feel sick. The killer bee barely misses you.
Unknown command.
You hit the killer bee but do no damage.
The killer bee looks even sicker.
The killer bee is heavily wounded.
You feel sick. The killer bee barely misses you.
Unknown command.
You closely miss the killer bee.
The killer bee is severely wounded.
You feel sick. The killer bee closely misses you. The killer bee misses you.
Unknown command.
You barely miss the killer bee.
The killer bee is almost dead.
You feel sick. The killer bee closely misses you.
Unknown command.
Unknown command.
You hit the killer bee.
You kill the killer bee!
Dithmenos accepts your kill.
You feel sick. The steam dragon breathes steam at you.
The ball of steam hits you!
You die...

##..§..........,..##.,#,,*** **,
*#(yD.........##*....#.,,,* *,
*...§..........#*#....,,,** **
*....§.........# #..#**,,,***
*....§§........###..#*####,,*****
*.y................##♣⌠♣?##,,,,,,
*yy...........=.))).#W...ß#******
*#y..y........§###))#W....?######
##.......y..#D§@#.)+W....!#...##
#########.####§§.○+.....ß#.#..#
#.# #○§§°+......#.##.# #.#
###°.#.....$#.....
#####.######.☼#....ß##.....
#.........###.#♣⌠♣)##......
#.........##.§######[......
#.........##.°.............
#.........##........####..#


You could see a steam dragon (catching breath).

Vanquished Creatures
  A manticore (D:7)
  Grinder (D:5)
  Edmund (D:6)
  2 water moccasins
  Pargi (Sewer)
  A black bear (D:6)
  A sky beast (D:6)
  An ice beast (D:6)
  2 ogres
  3 phantoms
  5 wolves (Bailey)
  A brain worm (Sewer)
  2 scorpions (D:5)
  2 gnoll sergeants (Bailey)
  4 killer bees (D:7)
  2 bombardier beetles
  A gnoll bouda (Bailey)
  5 hounds
  An iguana (D:5)
  A sleepcap (D:4)
  12 orc wizards
  Robin (D:3)
  15 gnolls
  3 adders
  A shadow imp (D:7)
  A white imp (D:7)
  4 ufetubi
  5 dart slugs
  A ribbon worm (D:2)
  5 orcs
  5 ball pythons
  7 endoplasms
  4 giant cockroaches
  13 goblins
  9 hobgoblins
  5 quokkas
  7 bats
  3 frilled lizards
  3 kobolds
  2 rats
144 creatures vanquished.

Vanquished Creatures (collateral kills)
  A centaur (D:7)
  5 gnoll sergeants (Bailey)
  4 gnoll boudas (Bailey)
  12 gnolls
  An orc (D:7)
23 creatures vanquished.

Vanquished Creatures (others)
  2 dancing weapons (Bailey)
  A goblin (D:3)
3 creatures vanquished.

Grand Total: 170 creatures vanquished

Notes
Turn   | Place    | Note
-------+----------+-------------------------------------------
     0 | D:1      | BubbleThief the Vampire Enchanter began the quest for the
                  | Orb.
     0 | D:1      | Reached XP level 1. HP: 13/13 MP: 3/3
   166 | D:1      | Reached XP level 2. HP: 16/19 MP: 5/5
   216 | D:2      | Learned a level 2 spell: Ensorcelled Hibernation
   354 | D:2      | Reached skill level 5 in Stealth
   392 | D:2      | Reached skill level 5 in Hexes
   800 | D:2      | Found a faded altar of an unknown god.
   938 | D:3      | Found a glowing drain.
   968 | D:3      | Gained mutation: You are afflicted with vampirism and can
                  | become a bat while bloodless. [Vampire growth]
   968 | D:3      | Reached XP level 3. HP: 23/24 MP: 6/6
   969 | Sewer    | Entered a sewer
   993 | Sewer    | Learned a level 3 spell: Confusing Touch
   998 | Sewer    | Noticed a brain worm
  1006 | Sewer    | Killed a brain worm
  1007 | Sewer    | Reached skill level 6 in Stealth
  1007 | Sewer    | Reached XP level 4. HP: 30/30 MP: 7/7
  1008 | Sewer    | Noticed Pargi
  1016 | Sewer    | Killed Pargi
  1017 | Sewer    | Reached XP level 5. HP: 27/35 MP: 1/8
  1309 | D:1      | Reached skill level 7 in Stealth
  1854 | D:3      | Reached XP level 6. HP: 41/41 MP: 4/9
  1907 | D:3      | Noticed Robin
  1958 | D:3      | Killed Robin
  2695 | D:4      | Found a staircase to the Ecumenical Temple.
  2705 | Temple   | Entered the Ecumenical Temple
  2717 | Temple   | Became a worshipper of Dithmenos the Shadowed
  2787 | D:4      | Found a bloodstained altar of Trog.
  3421 | D:5      | Entered Level 5 of the Dungeon
  3453 | D:5      | Reached skill level 8 in Stealth
  3494 | D:5      | Found a snail-covered altar of Cheibriados.
  3521 | D:5      | Noticed a water moccasin
  3527 | D:5      | Killed a water moccasin
  3528 | D:5      | Reached XP level 7. HP: 46/46 MP: 5/10
  3624 | D:5      | Reached skill level 9 in Stealth
  3857 | D:4      | Learned a level 3 spell: Tukima's Dance
  4337 | D:6      | Noticed Grinder
  4350 | D:5      | Killed Grinder
  4351 | D:5      | Reached skill level 10 in Stealth
  4375 | D:6      | Reached XP level 8. HP: 24/52 MP: 7/11
  4448 | D:6      | Noticed Edmund
  4505 | D:6      | Killed Edmund
  4506 | D:6      | Reached skill level 10 in Hexes
  4592 | D:6      | Found a stormy altar of Qazlal.
  4668 | D:6      | Reached skill level 5 in Short Blades
  4668 | D:6      | Reached skill level 11 in Stealth
  4830 | D:6      | Found a broken altar of Ashenzari.
  5040 | D:6      | Reached skill level 12 in Stealth
  5086 | D:6      | Found a blossoming altar of Fedhas.
  5333 | D:7      | Noticed a manticore
  5349 | D:7      | Killed a manticore
  5349 | D:7      | Reached * piety under Dithmenos
  5350 | D:7      | Reached XP level 9. HP: 6/57 MP: 9/12
  5359 | D:7      | Identified a scroll of acquirement
  5359 | D:7      | Acquired the +2 cloak "Nyadwoet" {*Slow rElec rC+ rN+}
  5372 | D:7      | Noticed pokeman's ghost (novice DEHW)
  5372 | D:7      | Noticed NotBatman's ghost (novice MDFi)
  5372 | D:7      | Noticed osoart's ghost (novice BaSu)
  5372 | D:7      | Found a runed translucent gate.
  5372 | D:7      | Found a runed translucent gate.
  5372 | D:7      | Found a runed translucent gate.
  5462 | D:7      | Found a flagged portal.
  5527 | Bailey   | Entered a bailey
  5676 | Bailey   | Reached skill level 13 in Stealth
  6049 | Bailey   | Reached ** piety under Dithmenos
  6209 | Bailey   | Reached skill level 14 in Stealth
  6296 | Bailey   | Identified the +2 pair of boots of Xuumyadghon {Str+2}
  6404 | D:7      | Learned a level 5 spell: Metabolic Englaciation
  6587 | D:7      | Reached XP level 10. HP: 38/63 MP: 4/15
  6725 | D:7      | HP: 3/63 [killer bee (8)]
  6740 | D:7      | Killed from afar by a steam dragon

Illustrated notes

Levels and vault maps discovered:
D:1:      dpeg_arrival_lava_temple_mockup, layout_loops_ring
D:2:      layout_basic, hellmonk_ecumenical_altar_zigzags,
          chequers_hall_statues_wall_a
D:3:      minmay_general_purpose_star, layout_basic, portal_sewer_entry_f,
          roderic_roman_lattice, uniq_robin
D:4:      wad_pebble_path, layout_basic, grunt_temple_overflow_open,
          minmay_temple_entry_grid
D:5:      layout_gridville, cheibriados_altar_1
D:6:      minmay_flawed_box, layout_rooms, mainiacjoe_overflow_chevrons,
          evilmike_ruin_ashenzari, fedhas_altar_3, uniq_grinder, uniq_edmund
D:7:      layout_rooms, enter_bailey_7, gammafunk_ghost_cemetery, minivault_10
Temple:   hc_temple_tempest_star

Skill      XL: |  1  2  3  4  5  6  7  8  9 |
---------------+----------------------------+-----
Stealth        | 5 6 7 8 10 12 14 | 14.3
Hexes          | 5 6 7 8 9 11 13 | 13.2
Short Blades   | 2 3 4 5 6 |  6.8
Spellcasting   | 3 |  3.7
Dodging        | |  2.1

Action                     |  1- 3 |  4- 6 |  7- 9 | 10-12 || total
---------------------------+-------+-------+-------+-------++-------
  Melee: Dagger            |    68 |   118 |   296 |    39 ||   521
         Bite              |    11 |     5 |    47 |     5 ||    68
   Cast: Ensorcelled Hiber |       |    11 |    28 |     3 ||    42
         Confusing Touch   |       |       |     5 |       ||     5
         Tukima's Dance    |       |       |    28 |       ||    28
  Evoke: Wand              |       |       |     5 |       ||     5
    Use: Potion            |       |       |     1 |     1 ||     2
         Scroll            |       |       |     7 |     2 ||     9
   Stab: Sleeping          |     8 |    19 |    23 |       ||    50
         Confused          |       |       |     3 |       ||     3
         Distracted        |       |       |     3 |       ||     3
 Armour: Robe              |    33 |    48 |    25 |       ||   106
         Leather armour    |       |       |   208 |    45 ||   253
  Dodge: Dodged            |    38 |    61 |   277 |    52 ||   428

Table legend: (Time is in decaauts)
 A = Elapsed time spent in this place.
 B = Non-inter-level travel time spent in this place.
 C = Inter-level travel time spent in this place.
 D = Time resting spent in this place.
 E = Time spent auto-exploring this place.
 F = Levels seen in this place.
 G = Mean time per level.
                   A        B        C        D        E       F      G
               +--------+--------+--------+--------+--------+-----+--------+
         Total |   6638 |   6349 |    289 |    256 |   4480 |  10 |  663.8 |
       Dungeon |   5673 |   5395 |    278 |    150 |   4032 |   7 |  810.4 |
        Temple |     24 |     13 |     11 |      0 |      0 |   1 |   24.0 |
         Sewer |    126 |    126 |      0 |      0 |     46 |   1 |  126.0 |
        Bailey |    813 |    813 |      0 |    106 |    402 |   1 |  813.0 |
               +--------+--------+--------+--------+--------+-----+--------+

Top non-repeatable levels by time:
     D:3: 964 daAuts
     D:6: 900 daAuts
     D:5: 897 daAuts
     D:4: 863 daAuts
  Bailey: 813 daAuts
     D:2: 798 daAuts
     D:1: 698 daAuts
     D:7: 550 daAuts
   Sewer: 126 daAuts
  Temple: 24 daAuts
